 Dungeon Crawl Stone Soup version 0.18.1-50-g88ac8fd (webtiles) character file.

155 magog001 the Sneak (level 5, -5/38 HPs)
             Began as a Vampire Assassin on Nov 4, 2016.
             Slain by Crazy Yiuf
             ... wielding a +2 quarterstaff of chaos
              (12 damage)
             ... on level 2 of the Dungeon.
             The game lasted 00:15:39 (2523 turns).

magog001 the Sneak (Vampire Assassin)               Turns: 2523, Time: 00:15:41

Health: -5/38      AC:  3    Str: 10    XL:     5   Next: 14%
Magic:  3/5        EV: 13    Int: 13    God:
Gold:   45         SH:  0    Dex: 17    Spells: 0 memorised, 4 levels left

rFire  . . .     SeeInvis +     a - +2 dagger
rCold  . . .     Gourm    .     c - +0 robe
rNeg   + . .     Faith    .     (no shield)
rPois  .         Spirit   .     (no helmet)
rElec  .         Dismiss  .     d - +0 cloak
rCorr  .         Reflect  .     (no gloves)
SustAt .         Harm     .     (no boots)
MR     .....                    (no amulet)
Stlth  ++++......               (no ring)
                                (no ring)

@: not resistant to hostile enchantments, stealthy
A: fangs 3, see invisible, unbreathing
a: Bat Form


You were on level 2 of the Dungeon.
You were not thirsty.

You visited 1 branch of the dungeon, and saw 2 of its levels.

You collected 45 gold pieces.

Inventory:

Hand Weapons
 a - a +2 dagger (weapon)
 b - a +0 blowgun
Missiles
 f - 3 curare-tipped needles
 o - 2 poisoned tomahawks (quivered)
Armour
 c - a +0 robe (worn)
 d - a +0 cloak (worn)
 i - a +0 chain mail
Scrolls
 j - a scroll of immolation {unknown}
 k - 2 scrolls of random uselessness {unknown}
 l - 3 scrolls of amnesia {unknown}
 m - 2 scrolls of noise {unknown}
 n - a scroll of fog {unknown}
Potions
 g - 13 potions of blood
 h - a potion of flight {unknown}


   Skills:
 + Level 1.9 Fighting
 + Level 2.5 Short Blades
 * Level 3.3 Throwing
 * Level 2.1 Dodging
 * Level 7.1 Stealth


You had 4 spell levels left.
You didn't know any spells.

Dungeon Overview and Level Annotations

Branches:
Dungeon (2/15)

Altars:

Annotations:
D:2 Crazy Yiuf


Innate Abilities, Weirdness & Mutations

You have razor-sharp teeth.
You have supernaturally acute eyesight.
You can survive without breathing.


Message History

Crazy Yiuf hits you with a quarterstaff of chaos.
You feel your power leaking away.
You hit Crazy Yiuf but do no damage. You bite Crazy Yiuf.
Crazy Yiuf is heavily wounded.
Drink which item? (? for menu, Esc to quit)
You feel better. Crazy Yiuf barely misses you.
You barely miss Crazy Yiuf. You bite Crazy Yiuf.
Crazy Yiuf is severely wounded.
Crazy Yiuf closely misses you.
You hit Crazy Yiuf. Your bite misses Crazy Yiuf.
Crazy Yiuf is almost dead.
Crazy Yiuf hits you with a quarterstaff of chaos!
You closely miss Crazy Yiuf.
Crazy Yiuf is almost dead.
Crazy Yiuf hits you with a quarterstaff of chaos!
* * * LOW HITPOINT WARNING * * *
You hit Crazy Yiuf.
Crazy Yiuf is almost dead.
Crazy Yiuf hits you with a quarterstaff of chaos!
You die...

# ♣♣.♣♣ #.....##....#### #
♣...♣♣ #..............# # ####
♣....♣ #......#....##.# # #..#
#....# ####.#.......#.# #
#..###....##### #.#.......#.##
# #.............#
#.#<.(....#... #
#.............# #.#.#.....#...
#
#...........g.###.#.......#...
#
#......(.....@........##..))..
#.....................##.###..
##########............##.#.)..
#...............#.#..
#............####.#..
#............# #.#[#
#............# #.#.#
#............# #)#.#
#............# #†#.#


You could see Crazy Yiuf.

Vanquished Creatures
  Natasha (thrice) (D:2)
  3 gnolls (D:2)
  An ooze (D:1)
  A worm (D:2)
  2 giant geckos
  3 bats
  4 giant cockroaches
  7 goblins
  6 hobgoblins
  3 jackals (D:2)
  A giant newt (D:2)
  5 kobolds (D:1)
  A rat (D:1)
40 creatures vanquished.

Notes
Turn   | Place    | Note
--------------------------------------------------------------
     0 | D:1      | magog001 the Vampire Assassin began the quest for the Orb.
     0 | D:1      | Reached XP level 1. HP: 16/16 MP: 1/1
    11 | D:1      | Reached skill level 6 in Stealth
   142 | D:1      | Reached XP level 2. HP: 17/22 MP: 2/2
  1189 | D:2      | Noticed Natasha
  1243 | D:1      | Reached XP level 3. HP: 22/27 MP: 3/3
  1271 | D:2      | Killed Natasha
  1640 | D:2      | Reached skill level 7 in Stealth
  1712 | D:2      | Noticed Natasha
  1718 | D:2      | Killed Natasha
  1718 | D:2      | Reached XP level 4. HP: 27/33 MP: 4/4
  1723 | D:2      | Noticed Natasha
  1725 | D:2      | Killed Natasha
  2405 | D:2      | Reached XP level 5. HP: 38/38 MP: 5/5
  2493 | D:2      | Noticed Crazy Yiuf
  2523 | D:2      | Slain by Crazy Yiuf

Skill      XL: |  1  2  3  4 |
---------------+-------------+-----
Stealth        | 6 7 |  7.1
Throwing       | 2 3 |  3.3
Dodging        | 2 |  2.1
Fighting       | |  1.9
Short Blades   | |  2.5

Action                   |  1- 3 |  4- 6 || total
-------------------------+-------+-------++-------
Melee: Dagger            |     9 |    12 ||    21
       Bite              |     1 |     6 ||     7
 Fire: Blowgun           |    73 |    43 ||   116
Throw: Tomahawk          |       |     2 ||     2
  Use: Potion            |     6 |     1 ||     7
 Stab: Sleeping          |     1 |       ||     1
Armor: Robe              |     9 |     4 ||    13
Dodge: Dodged            |    27 |    16 ||    43
